 Dungeon Crawl Stone Soup version 0.30-a0-187-gd9c2deaf24 (webtiles) character file.

Game seed: 9773295679980451783

1747 freelancePsychic the Covert (level 9, -5/73 HPs)
             Began as a Gnoll Delver on Oct 3, 2022.
             Was an Elder of Cheibriados.
             Killed from afar by a steam dragon (14 damage)
             ... with a ball of steam
             ... on level 6 of the Dungeon.
             The game lasted 00:11:55 (5122 turns).

freelancePsychic the Covert (Gnoll Delver)          Turns: 5122, Time: 00:11:56

Health: -5/73      AC: 17    Str: 21    XL:     9   Next: 6%
Magic:  0/15       EV: 10    Int: 20    God:    Cheibriados [****..]
Gold:   379        SH:  0    Dex: 28    Spells: 16/16 levels left

rFire   . . .      SeeInvis .    a - +0 falchion
rCold   . . .      Faith    .    (no shield)
rNeg    . . .      Spirit   +    h - +3 plate armour
rPois   +          Reflect  .    (no helmet)
rElec   .          Harm     .    m - +0 cloak
rCorr   .          Rampage  .    (no gloves)
Will    .....                    l - +0 pair of boots
Stlth   +.........               q - amulet of guardian spirit
HPRegen 0.32/turn                d - ring of flight
MPRegen 0.14/turn                n - ring of poison resistance

@: marked, flying, very slow
A: fangs 1, strong nose, distributed training
a: Renounce Religion, Bend Time, Temporal Distortion, Slouch


You were on level 6 of the Dungeon.
You worshipped Cheibriados.
Cheibriados was greatly pleased with you.
You visited 2 branches of the dungeon, and saw 7 of its levels.

You collected 379 gold pieces.

Inventory:

Hand Weapons
 a - a +0 falchion (weapon)
 b - a +2 whip of flaming
Missiles
 o - 8 poisoned darts (quivered)
Armour
 h - a +3 plate armour (worn)
 l - a +0 pair of boots (worn)
 m - a +0 cloak (worn)
 w - a +0 leather armour
Jewellery
 d - a ring of flight (left hand)
 i - the amulet "Fyngaciq" {Reflect Harm rC- Str+3 Int+5 SH+5}
   (You found it on level 2 of the Dungeon)

   [amulet of reflection]

   It reflects blocked missile attacks.
   Str:       It affects your strength (+3).
   Int:       It affects your intelligence (+5).
   rC:        It makes you vulnerable to cold.
   SH:        It affects your SH (+5).
   Harm:      It increases damage dealt and taken.
 n - a ring of poison resistance (right hand)
 q - an amulet of guardian spirit (around neck)
Wands
 g - a wand of digging (3)
 x - a wand of roots (3)
Scrolls
 c - a scroll of fog
 e - a scroll of enchant weapon
 f - 4 scrolls of teleportation {@r4}
 j - 2 scrolls of summoning {unknown}
 p - a scroll of immolation {unknown}
 r - a scroll of identify {@r1}
Potions
 k - 3 potions of magic
 s - a potion of lignification
 t - a potion of invisibility
 u - a potion of brilliance {unknown}
 v - a potion of flight {unknown}
 z - a potion of degeneration {unknown}
 A - 2 potions of mutation {unknown}


   Skills:
 + Level 7.7 Fighting
 + Level 4.0 Short Blades
 + Level 6.1 Long Blades
 + Level 4.0 Axes
 + Level 4.0 Maces & Flails
 + Level 4.0 Polearms
 + Level 4.0 Staves
 + Level 4.0 Ranged Weapons
 + Level 4.0 Throwing
 + Level 4.0 Armour
 + Level 6.1 Dodging
 + Level 10.4 Stealth
 + Level 4.0 Shields
 + Level 4.0 Unarmed Combat
 + Level 4.0 Spellcasting
 + Level 3.3 Conjurations
 + Level 3.3 Hexes
 + Level 3.3 Summonings
 + Level 3.3 Necromancy
 + Level 3.3 Translocations
 + Level 3.3 Transmutations
 + Level 3.3 Fire Magic
 + Level 3.3 Ice Magic
 + Level 3.3 Air Magic
 + Level 3.3 Earth Magic
 + Level 3.3 Poison Magic
 + Level 4.4 Invocations
 + Level 4.0 Evocations


You had 16 spell levels left.
You didn't know any spells.
Your spell library contained the following spells:

 Spells                   Type           Power      Damage    Failure   Level
 Blink                    Tloc           34%        N/A       77%         2
 Vhi's Electric Charge    Tloc/Air       34%        N/A       94%         3
 Manifold Assault         Tloc           17%        N/A       100%        4
 Storm Form               Tmut/Air       8%         N/A       100%        7


Dungeon Overview and Level Annotations

Branches:
Dungeon (6/15)             Temple (1/1) D:5

Altars:
Ashenzari
Cheibriados
Dithmenos
Elyvilon
Gozag
Hepliaklqana
Makhleb
Nemelex Xobeh
Qazlal
Ru
Sif Muna
Trog
Uskayaw
Wu Jian
Xom
Yredelemnul
Zin

Annotations:
D:2 Natasha
D:3 3 runed translucent doors, hgbash's ghost, amateur GrEE
D:4 1 transporter, Dowan; Duvessa; bande's ghost, weakling GrFi
D:5 exclusion: iguana
D:6 Edmund


Innate Abilities, Weirdness & Mutations

You have very sharp teeth.
Your uncanny sense of smell can sniff out nearby items.
Your experience applies equally to all skills.


Message History

The gnoll hits you but does no damage.
You hit the scorpion.
You kill the scorpion!
Cheibriados thoroughly appreciates the change of pace.
Something hits you. The gnoll hits you but does no damage.
Your Short Blades skill increases to level 4!
Your Axes skill increases to level 4!
Your Maces & Flails skill increases to level 4!
Your Polearms skill increases to level 4!
Your Staves skill increases to level 4!
Your Ranged Weapons skill increases to level 4!
Your Throwing skill increases to level 4!
Your Armour skill increases to level 4!
Your Shields skill increases to level 4!
Your Unarmed Combat skill increases to level 4!
Your Spellcasting skill increases to level 4!
Your Evocations skill increases to level 4!
The gnoll is no longer moving quickly.
The gnoll bouda barks out a call to the hunt!
The gnoll picks up the pace!
The white imp gestures at you.
The puff of frost hits something!
Something hits you. Something hits you but does no damage.
Something hits you but does no damage.
A water moccasin comes into view.
A steam dragon comes into view.
Something hits you. The gnoll hits you but does no damage.
The steam dragon breathes steam at you. The ball of steam hits you!
Reactivating autopickup.
The steam dragon moves out of view.
Edmund the Younger comes into view.
He is wielding a +0 dire flail of holy wrath and carrying a wand of roots (9).
You are engulfed in a cloud of scalding steam.
* * * LOW HITPOINT WARNING * * *
The water moccasin closely misses you. The gnoll hits you with a +0 spear.
* * * LOW HITPOINT WARNING * * *
The water moccasin barely misses you. The gnoll barely misses you.
The steam dragon breathes steam at you. The ball of steam hits you!
You die...

####...#
###)## .# ∆
#..# .# ∆
##†#### .# ∆
#....## .# ∆
####.§## .# ∆
##§D## .#
##.§###.##
##g@§...#
.....g5S###..#
.....'So#
#########
.....##S#
#.....).#
{...# .@.
#.⌠.ggg.# ...#
... #.......#
### ..#.
.....g.<# ..
#.#.......#
#.⌠.⌠.⌠.#


You could see Edmund, a steam dragon (catching breath), an orc warrior, a water
moccasin, a gnoll bouda, a gnoll (swift), 2 adders and a white imp.

Vanquished Creatures
  Pikel (D:4)
  Menkaure (D:5)
  2 black bears
  An ogre (D:5)
  A centaur (D:6)
  A lemure (D:5)
  4 scorpions
  A howler monkey (D:5)
  2 hounds
  Crazy Yiuf (D:5)
  Ijyb (D:5)
  3 iguanas
  13 gnolls
  7 adders
  2 ufetubi (D:4)
  4 worms
  18 dart slugs
  9 orcs
  14 ball pythons
  7 bats
  4 endoplasms
  7 giant cockroaches
  14 goblins
  4 hobgoblins
  6 jackals
  2 kobolds (D:4)
  A quokka (D:4)
  2 frilled lizards
  4 rats
137 creatures vanquished.

Vanquished Creatures (others)
  A gnoll (D:6)
1 creature vanquished.

Grand Total: 138 creatures vanquished

Notes
Turn   | Place    | Note
-------+----------+-------------------------------------------
     0 | D:5      | Reached skill level 9 in Stealth
     0 | D:5      | freelancePsychic the Gnoll Delver began the quest for the
                  | Orb.
     0 | D:5      | Reached XP level 1. HP: 23/23 MP: 1/1
    28 | D:5      | Noticed an iguana
    38 | D:5      | Noticed a hound
    39 | D:5      | Found a shadowy altar of Dithmenos.
    39 | D:5      | Noticed an iguana
    64 | D:5      | Killed a hound
    65 | D:5      | Reached XP level 2. HP: 15/29 MP: 1/3
    65 | D:5      | Reached XP level 3. HP: 18/35 MP: 1/4
    75 | D:5      | Noticed a black bear
   149 | D:5      | Found a staircase to the Ecumenical Temple.
   153 | Temple   | Entered the Ecumenical Temple
   213 | Temple   | Became a worshipper of Cheibriados the Contemplative
   231 | D:5      | Reached skill level 1 in Invocations
   291 | Temple   | Reached skill level 1 in Short Blades
   291 | Temple   | Reached skill level 1 in Axes
   291 | Temple   | Reached skill level 1 in Maces & Flails
   291 | Temple   | Reached skill level 1 in Polearms
   291 | Temple   | Reached skill level 1 in Staves
   291 | Temple   | Reached skill level 1 in Ranged Weapons
   291 | Temple   | Reached skill level 1 in Throwing
   291 | Temple   | Reached skill level 1 in Armour
   291 | Temple   | Reached skill level 1 in Shields
   291 | Temple   | Reached skill level 1 in Unarmed Combat
   291 | Temple   | Reached skill level 1 in Spellcasting
   291 | Temple   | Reached skill level 1 in Evocations
   310 | D:5      | Noticed Pikel
   311 | D:5      | Noticed a lemure
   313 | D:5      | Noticed a lemure
   319 | D:5      | Noticed a lemure
   338 | D:5      | HP: 2/52 [lemure[Pikel] (5)]
   342 | D:5      | Killed a lemure
   529 | D:4      | Reached XP level 4. HP: 26/41 MP: 5/5
   589 | D:4      | Found a transporter.
   593 | D:4      | Found a transporter.
   599 | D:4      | Noticed bande's ghost (weakling GrFi)
   613 | D:4      | Noticed a black bear
   632 | D:4      | Noticed Duvessa
   632 | D:4      | Noticed Dowan
   692 | D:4      | Reached skill level 1 in Conjurations
   692 | D:4      | Reached skill level 1 in Hexes
   692 | D:4      | Reached skill level 1 in Summonings
   692 | D:4      | Reached skill level 1 in Necromancy
   692 | D:4      | Reached skill level 1 in Translocations
   692 | D:4      | Reached skill level 1 in Transmutations
   692 | D:4      | Reached skill level 1 in Fire Magic
   692 | D:4      | Reached skill level 1 in Ice Magic
   692 | D:4      | Reached skill level 1 in Air Magic
   692 | D:4      | Reached skill level 1 in Earth Magic
   692 | D:4      | Reached skill level 1 in Poison Magic
   692 | D:4      | HP: 2/41 [orc/+0 club (2)]
   907 | D:3      | Found a runed translucent gate.
   907 | D:3      | Found a runed translucent gate.
   907 | D:3      | Found a runed translucent gate.
   909 | D:3      | Identified the +10 spear of Demand {antimagic, Contam rPois
                  | rCorr Int+4}
   909 | D:3      | Identified the +4 chain mail of Gozag's Anger {rN+}
   910 | D:3      | Noticed hgbash's ghost (amateur GrEE)
  1067 | D:3      | Reached * piety under Cheibriados
  1269 | D:3      | Reached XP level 5. HP: 47/47 MP: 7/7
  1336 | D:2      | Found a faded altar of an unknown god.
  1336 | D:2      | Found an ornate altar of the Wu Jian Council.
  1382 | D:2      | Identified the amulet "Fyngaciq" {Reflect Harm rC- Str+3
                  | Int+5 SH+5}
  1388 | D:2      | Noticed Natasha
  1842 | D:1      | Reached ** piety under Cheibriados
  2989 | D:3      | Reached *** piety under Cheibriados
  3010 | D:3      | Reached XP level 6. HP: 50/53 MP: 8/8
  3449 | D:4      | Reached skill level 5 in Long Blades
  3449 | D:4      | Reached skill level 5 in Dodging
  3556 | D:4      | Found a broken altar of Ashenzari.
  3567 | D:4      | Killed a black bear
  3657 | D:4      | Reached XP level 7. HP: 60/60 MP: 10/10
  3661 | D:4      | Found a hazy altar of Hepliaklqana.
  4211 | D:4      | Killed Pikel
  4212 | D:4      | Reached skill level 10 in Stealth
  4212 | D:4      | Reached XP level 8. HP: 53/67 MP: 9/12
  4288 | D:5      | Noticed Ijyb
  4300 | D:5      | Killed Ijyb
  4395 | D:5      | Reached **** piety under Cheibriados
  4455 | D:5      | Noticed Menkaure
  4471 | D:5      | Killed Menkaure
  4809 | D:5      | Found a runed translucent door.
  4810 | D:5      | Noticed Crazy Yiuf
  4818 | D:5      | Killed Crazy Yiuf
  5024 | D:6      | Reached XP level 9. HP: 57/73 MP: 11/14
  5122 | D:6      | Noticed Edmund
  5122 | D:6      | Killed from afar by a steam dragon

Illustrated notes

Levels and vault maps discovered:
D:1:      dpeg_arrival_signposts, layout_basic
D:2:      layout_rooms, basic_ecumenical_altar, basic_altar, uniq_natasha
D:3:      kennysheep_slugbush, layout_basic, biasface_ghost_orc_armoury,
          minmay_curled_crystal
D:4:      layout_rooms, amcnicky_altar_gilded,
          mainiacjoe_overflow_small_starburst, gammafunk_ghost_arena,
          uniq_duvessa
D:5:      layout_rooms, mainiacjoe_overflow_paths, minmay_temple_entry_trees,
          uniq_ijyb, uniq_menkaure, uniq_pikel, uniq_crazy_yiuf_cottage
D:6:      minmay_polygon_palace, layout_basic, tso_metal_star,
          grunt_ministairs_3, uniq_edmund
Temple:   nicolae_temple_ecumenical_triangle

Skill      XL: |  1  2  3  4  5  6  7  8  9 |
---------------+----------------------------+-----
Stealth        | 10 | 10.4
Invocations    | 1 2 3 4 |  4.4
Short Blades   | 1 2 3 4 |  4.0
Axes           | 1 2 3 4 |  4.0
Maces & Flails | 1 2 3 4 |  4.0
Polearms       | 1 2 3 4 |  4.0
Staves         | 1 2 3 4 |  4.0
Ranged Weapons | 1 2 3 4 |  4.0
Throwing       | 1 2 3 4 |  4.0
Armour         | 1 2 3 4 |  4.0
Shields        | 1 2 3 4 |  4.0
Unarmed Combat | 1 2 3 4 |  4.0
Spellcasting   | 1 2 3 4 |  4.0
Evocations     | 1 2 3 4 |  4.0
Conjurations   | 1 2 3 |  3.3
Hexes          | 1 2 3 |  3.3
Summonings     | 1 2 3 |  3.3
Necromancy     | 1 2 3 |  3.3
Translocations | 1 2 3 |  3.3
Transmutations | 1 2 3 |  3.3
Fire Magic     | 1 2 3 |  3.3
Ice Magic      | 1 2 3 |  3.3
Air Magic      | 1 2 3 |  3.3
Earth Magic    | 1 2 3 |  3.3
Poison Magic   | 1 2 3 |  3.3
Long Blades    | 5 6 |  6.1
Dodging        | 5 6 |  6.1
Fighting       | 7 |  7.7

Action                   |  1- 3 |  4- 6 |  7- 9 || total
-------------------------+-------+-------+-------++-------
Melee: Falchion          |    54 |   259 |   205 ||   518
       Bite              |     6 |    32 |    26 ||    64
       Punch             |     1 |     5 |     7 ||    13
Throw: Dart              |       |       |     1 ||     1
  Use: Potion            |     3 |       |       ||     3
       Scroll            |     2 |     3 |     1 ||     6
 Stab: Sleeping          |       |    24 |       ||    24
       Distracted        |       |     1 |       ||     1
Armor: Leather armour    |     5 |    38 |       ||    43
       Skin              |     9 |       |       ||     9
       Plate armour      |       |    43 |   193 ||   236
Dodge: Dodged            |    31 |   186 |   134 ||   351

Table legend: (Time is in decaauts)
 A = Elapsed time spent in this place.
 B = Non-inter-level travel time spent in this place.
 C = Inter-level travel time spent in this place.
 D = Time resting spent in this place.
 E = Time spent auto-exploring this place.
 F = Levels seen in this place.
 G = Mean time per level.
                   A        B        C        D        E       F      G
               +--------+--------+--------+--------+--------+-----+--------+
         Total |   6785 |   6448 |    337 |    359 |   4371 |   7 |  969.3 |
       Dungeon |   6688 |   6362 |    326 |    341 |   4340 |   6 | 1114.7 |
        Temple |     96 |     86 |     10 |     18 |     31 |   1 |   96.0 |
               +--------+--------+--------+--------+--------+-----+--------+

Top non-repeatable levels by time:
     D:1: 1551 daAuts
     D:4: 1493 daAuts
     D:5: 1375 daAuts
     D:3: 1311 daAuts
     D:2: 739 daAuts
     D:6: 216 daAuts
  Temple: 96 daAuts
